 Dungeon Crawl Stone Soup version 0.31.0 (webtiles) character file.

Game seed: 13458686584902018496

50 qw the Shooter (level 3, -3/22 HPs)
             Began as a Gargoyle Hunter on Jan 19, 2024.
             Slain by a black bear (4 damage)
             ... on level 3 of the Dungeon.
             The game lasted 00:00:08 (1646 turns).

qw the Shooter (Gargoyle Hunter)                    Turns: 1646, Time: 00:00:09

Health: -3/22      AC: 12    Str: 14    XL:     3   Next: 79%
Magic:  3/3        EV: 11    Int:  9    God:
Gold:   149        SH:  5    Dex: 19    Spells: 2/2 levels left

rFire   . . .        a - +1 shortbow
rCold   . . .        (shield currently unavailable)
rNeg    + . .        e - +3 ring mail "Xubedgh" {Dex+4}
rPois   inf          f - +0 helmet
rElec   +            (no cloak)
rCorr   .            (no gloves)
SInv    .            (no boots)
Will    .....        o - amulet of reflection
Stlth   +            (no ring)
HPRegen 0.23/turn    (no ring)
MPRegen 0.08/turn

%: reflection
@: no status effects
A: sickness immunity, AC +3, negative energy resistance 1, electricity
resistance, torment resistance 1, petrification resistance
a: no special abilities


You were on level 3 of the Dungeon.
You visited 1 branch of the dungeon, and saw 3 of its levels.

You collected 149 gold pieces.


Innate Abilities, Weirdness & Mutations

You are immune to sickness and miasma.
Your stone body is resilient. (AC +3)
You are immune to poison.
You resist negative energy. (rN+)
You are resistant to electric shocks. (rElec)
You are resistant to unholy torment.
You are immune to petrification.


   Skills:
 + Level 2.6 Fighting
 - Level 5.0 Ranged Weapons
 - Level 1.0 Armour
 - Level 1.5 Dodging
 - Level 1.1 Stealth


You had 2 spell levels left.
You didn't know any spells.
Your spell library was empty.

Inventory:

Hand Weapons
 a - a +1 shortbow (weapon)
Armour
 e - the +3 ring mail "Xubedgh" (worn) {Dex+4}
   (You found it on level 2 of the Dungeon)

   Dex+4:     It affects your dexterity (+4).
 f - a +0 helmet (worn)
Jewellery
 o - an amulet of reflection (around neck)
Scrolls
 b - a scroll of identify
Potions
 c - a potion of might
 h - a potion of magic {unknown}
 j - a potion of berserk rage {unknown}
 n - a potion of enlightenment {unknown}

Dungeon Overview and Level Annotations

Branches:
Dungeon (3/15)

Altars:

Annotations:
D:1 1 runed translucent door


Message History

1641 ||| RETREEEEATING.
An orc comes into view. It is wielding a +0 spear of venom.
Found a stone staircase leading down.
The black bear rages.
The black bear barely misses you.
The black bear claws you but does no damage.
You block the black bear's attack.
Enter note:
Enter note:
1642 ||| RETREEEEATING.
The orc shouts!
You hear a shout! x2
The orc throws a boomerang.
The boomerang closely misses you.
Enter note:
Enter note:
1643 ||| RETREEEEATING.
The black bear attacks as it pursues you!
You block the black bear's attack.
The black bear claws you but does no damage. x2
An orc comes into view. It is wielding a +0 hand axe.
The black bear bites you. The black bear completely misses you.
The black bear closely misses you.
There is a stone staircase leading down here.
You shoot an arrow. The arrow hits the black bear.
The black bear is severely wounded.
The orc closely misses you. The black bear closely misses you.
The black bear claws you but does no damage. x2
The orc barely misses you. You block the black bear's attack.
The black bear claws you but does no damage. x2
You shoot an arrow. The arrow hits the black bear!
The black bear is almost dead.
The black bear bites you but does no damage.
The black bear claws you.
The black bear claws you but does no damage.
The orc hits you but does no damage.
An orc comes into view. It is wielding a +0 club.
You shoot an arrow. The arrow barely misses the black bear.
The arrow closely misses the orc.
The arrow hits the hobgoblin.
The hobgoblin is almost dead.
You block the black bear's attack. The black bear claws you. x2
You die...

#..#....+.#.#)#
#....
#..#....#...#.#
#.#.######
#.......###.#.#
#.#.......
#.......#
#.#.####.#.......
#.......#
#.#.........[....
#.......#
#....###.#)..[...
#.......# #.##.#
#.#.######
#.......#
#.##.###h#.#
#.......#
#.##..@hogo#
#.<.....#
#.######o#.o.#
#.# #.#.#.# #.#
#.#.# .. #. #.#
## #.. #.. ##
###########


You could see a black bear (berserk), 4 orcs, a jackal and a hobgoblin.

Vanquished Creatures
  A dart slug (D:1)
  An orc (D:3)
  7 ball pythons
  A bat (D:1)
  4 endoplasms
  A giant cockroach (D:1)
  6 goblins
  3 hobgoblins
  4 jackals (D:1)
  2 quokkas
  2 frilled lizards
  2 kobolds (D:1)
  6 rats
40 creatures vanquished.

Notes
Turn   | Place    | Note
-------+----------+-------------------------------------------
     0 | D:1      | qw the Gargoyle Hunter began the quest for the Orb.
     0 | D:1      | Reached XP level 1. HP: 12/12 MP: 1/1
     0 | D:1      | 0 ||| qw: Version: 0.3-a-132-g3d54051
     0 | D:1      | 0 ||| qw: Game counter: 66
     0 | D:1      | 0 ||| qw: Melee chars always use a shield: true
     0 | D:1      | 0 ||| qw: God list: Okawaru
     0 | D:1      | 0 ||| qw: Allow faded altars: false
     0 | D:1      | 0 ||| qw: Do Orc after clearing Dungeon:15 true
     0 | D:1      | 0 ||| qw: Do second Lair branch before Depths: true
     0 | D:1      | 0 ||| qw: Lair rune preference: random
     0 | D:1      | 0 ||| qw: Goals: Normal
     0 | D:1      | 0 ||| PLANNING D:1-11
     1 | D:1      | Found a runed translucent door.
    56 | D:1      | Reached XP level 2. HP: 17/17 MP: 2/2
    73 | D:1      | You fall into a shaft and drop 1 floor!
   115 | D:2      | Identified the +3 ring mail "Xubedgh" {Dex+4}
   174 | D:2      | 174 ||| FLEEEEING.
   178 | D:2      | 178 ||| STAIRDANCE
   439 | D:1      | Reached XP level 3. HP: 21/21 MP: 3/3
   603 | D:1      | Reached skill level 5 in Ranged Weapons
   746 | D:1      | 746 ||| UPGRADING to +3 ring mail "Xubedgh" {Dex+4}.
   756 | D:1      | 756 ||| DROPPING +0 leather armour.
   757 | D:1      | 757 ||| DROPPING +2 ring mail of cold resistance.
   758 | D:1      | 758 ||| UPGRADING to amulet of reflection.
   763 | D:1      | 763 ||| READING scroll labelled WEXTEO FOCKEP.
   763 | D:1      | 763 ||| ENCHANTING +0 shortbow.
   764 | D:1      | 764 ||| READING scroll labelled FIZIRAUXTIY.
   764 | D:1      | 764 ||| IDENTIFYING metallic dark potion
   765 | D:1      | 765 ||| READING 2 scrolls labelled ITHUDA CEHUPE.
   766 | D:1      | 766 ||| READING scroll labelled TAOSUC LACAQ.
   771 | D:1      | 771 ||| READING scroll labelled ZIACSE QAYQUASH.
   872 | D:1      | 872 ||| DROPPING scroll of butterflies.
   873 | D:1      | 873 ||| DROPPING potion of degeneration.
   874 | D:1      | 874 ||| DROPPING scroll of immolation.
  1431 | D:2      | 1431 ||| UPGRADING to +0 helmet.
  1436 | D:2      | 1436 ||| READING scroll of identify.
  1436 | D:2      | 1436 ||| IDENTIFYING murky emerald potion
  1437 | D:2      | 1437 ||| READING scroll labelled ETUFRE ZONUNUM.
  1457 | D:3      | 1457 ||| STAIRDANCE
  1468 | D:3      | Reached skill level 1 in Armour
  1468 | D:3      | 1468 ||| STAIRDANCE
  1624 | D:3      | Noticed a black bear
  1633 | D:3      | HP: 5/22 [hobgoblin (3)]
  1637 | D:3      | 1637 ||| RETREEEEATING.
  1638 | D:3      | 1638 ||| RETREEEEATING.
  1639 | D:3      | 1639 ||| RETREEEEATING.
  1640 | D:3      | 1640 ||| RETREEEEATING.
  1641 | D:3      | 1641 ||| RETREEEEATING.
  1642 | D:3      | 1642 ||| RETREEEEATING.
  1643 | D:3      | 1643 ||| RETREEEEATING.
  1643 | D:3      | HP: 5/22 [black bear (1)]
  1646 | D:3      | HP: 1/22 [black bear (2)]
  1646 | D:3      | Slain by a black bear

Levels and vault maps discovered:
D:1:      dpeg_arrival_caged_fury, layout_loops_cross, minmay_misc_feat_encased,
          eino_curves_03
D:2:      layout_loops_ring, ebering_dispersal_statue_hall,
          nicolae_hexahallways, due_unseen_surprise
D:3:      layout_basic, nicolae_tso_swordbearing_angel,
          mainiacjoe_overflow_chevrons, hellmonk_ecumenical_altar_zigzags,
          minmay_checkerbox

Skill      XL: |  1  2  3 |
---------------+----------+-----
Ranged Weapons | 5 |  5.0
Armour         | 1 |  1.0
Fighting       | |  2.6
Dodging        | |  1.5
Stealth        | |  1.1

Action                     || total
---------------------------++-------
   Fire: Shortbow          ||   115
    Use: Scroll            ||     7
 Armour: Leather armour    ||    20
         Ring mail         ||    48
  Dodge: Dodged            ||    56
  Block: Other             ||    15

Table legend:
 A = Non-vault XP
 B = Vault XP
 C = Vault XP percentage of total XP
 D = Non-vault monster count
 E = Vault monster count
 F = Vault count percentage of total count
                 A         B        C        D         E       F
            +---------+---------+-------+---------+---------+-------
      Total |      69 |       3 |   4.2 |      39 |       1 |   2.5
            +---------+---------+-------+---------+---------+-------
        D:1 |      46 |       0 |   0.0 |      25 |       0 |   0.0
        D:2 |      17 |       0 |   0.0 |      10 |       0 |   0.0
        D:3 |       6 |       3 |  33.3 |       4 |       1 |  20.0
            +---------+---------+-------+---------+---------+-------
